General information
- name: BNet
- type: Ladder team game (AT/RT)
- host: Battle.net
- saver: TALONSAREIMBA
map: FullScaleAssault
- players: 8
- length: 16:27
- speed: Fast
- version: 1.24 W3XP
- replay type: Public
» download(159 KB)
Players
team 1 (loser)
WasGoodOnce (
pink | 113 APM | 1844 actions | 16:23)
4 Archmage
2 Summon Water Elemental
2 Brilliance Aura
2 Mountain King
1 Storm Bolt
1 Bash
1 Paladin
1 Holy Light
» actions
| Assign group hotkey | 40 | |
| Basic commands | 119 | |
| Build / train | 63 | |
| Enter build submenu | 23 | |
| Enter hero's abilities submenu | 7 | |
| Give item / drop item | 5 | |
| Right click | 677 | |
| Select / deselect | 231 | |
| Select group hotkey | 633 | |
| Use ability | 46 | |
1844 total
» units
| Peasant | 19 | |
| Rifleman | 9 | |
| Priest | 2 | |
| Mortar Team | 2 | |
| Spell Breaker | 4 | |
36 total
» upgrades
| Gunpowder | 2 | |
| Armor | 2 | |
| Long Rifles | 1 | |
| Lumber Harvesting | 2 | |
| Priest Training | 1 | |
| Flare | 1 | |
9 total
» buildings
| Lumber Mill | 1 | |
| Farm | 10 | |
| Altar of Kings | 1 | |
| Blacksmith | 1 | |
| Barracks | 2 | |
| Arcane Vault | 1 | |
| Scout Tower | 1 | |
| Arcane Tower | 1 | |
| Keep | 1 | |
| Arcane Sanctum | 2 | |
| Workshop | 1 | |
| Town Hall | 3 | |
| Castle | 1 | |
26 total
» build order
00:20 Lumber Mill
00:37 Farm
00:50 Altar of Kings
01:31 Farm
01:38 Blacksmith
01:51 Barracks
02:09 Barracks
02:12 Farm
02:36 Farm
03:03 Arcane Vault
04:20 Scout Tower
04:43 Farm
04:48 Arcane Tower
04:55 Farm
05:19 Keep
07:47 Arcane Sanctum
07:49 Workshop
09:50 Town Hall
09:54 Town Hall
10:14 Town Hall
10:42 Castle
12:04 Farm
12:07 Farm
13:29 Arcane Sanctum
13:58 Farm
14:47 Farm
» items
| Scroll of Regeneration | 1 | |
| Scroll of Town Portal | 2 | |
| Orb of Fire | 1 | |
| Staff of Sanctuary | 1 | |
5 total
Scypher (
orange | 75 APM | 1211 actions | 16:11)
3 Tauren Chieftain
1 War Stomp
2 Endurance Aura
2 Shadow Hunter
1 Healing Wave
1 Hex
» actions
| Assign group hotkey | 331 | |
| Basic commands | 84 | |
| Build / train | 70 | |
| Enter build submenu | 23 | |
| Enter hero's abilities submenu | 5 | |
| Give item / drop item | 2 | |
| Remove unit from queue | 5 | |
| Right click | 266 | |
| Select / deselect | 278 | |
| Select group hotkey | 69 | |
| Use ability | 77 | |
1211 total
» units
| Peon | 16 | |
| Troll Headhunter/Berserker | 4 | |
| Goblin Shredder | 1 | |
| Goblin Zeppelin | 1 | |
| Blue Dragon Whelp | 1 | |
| Blue Drake | 2 | |
| Tauren | 5 | |
| Shaman | 3 | |
| Troll Witch Doctor | 3 | |
36 total
» upgrades
| Spiked Barricades | 1 | |
| Armor | 2 | |
| Shaman Training | 2 | |
| Witch Doctor Training | 2 | |
| Melee Weapons | 1 | |
| Reinforced Defenses | 1 | |
| Pulverize | 1 | |
10 total
» buildings
| Altar of Storms | 1 | |
| Orc Burrow | 7 | |
| War Mill | 1 | |
| Barracks | 1 | |
| Voodoo Lounge | 1 | |
| Stronghold | 1 | |
| Great Hall | 1 | |
| Watch Tower | 4 | |
| Fortress | 2 | |
| Spirit Lodge | 2 | |
| Tauren Totem | 2 | |
23 total
» build order
00:04 Altar of Storms
00:07 Orc Burrow
00:50 War Mill
01:14 Barracks
01:28 Voodoo Lounge
01:52 Orc Burrow
03:20 Stronghold
05:04 Great Hall
06:25 Watch Tower
06:55 Orc Burrow
07:02 Watch Tower
07:07 Watch Tower
07:25 Orc Burrow
08:10 Fortress
08:21 Watch Tower
09:41 Orc Burrow
09:49 Spirit Lodge
09:59 Spirit Lodge
11:09 Tauren Totem
11:20 Tauren Totem
13:29 Orc Burrow
13:31 Orc Burrow
» items
| Healing Salve | 2 | |
| Lesser Clarity Potion | 2 | |
| Scroll of Speed | 3 | |
| Orb of Lightning | 1 | |
8 total
youisdeadman (
green | 88 APM | 1451 actions | 16:25)
5 Blademaster
2 Wind Walk
3 Critical Strike
» actions
| Assign group hotkey | 21 | |
| Basic commands | 95 | |
| Build / train | 52 | |
| ESC pressed | 9 | |
| Enter build submenu | 23 | |
| Enter hero's abilities submenu | 5 | |
| Give item / drop item | 3 | |
| Right click | 703 | |
| Select / deselect | 304 | |
| Select group hotkey | 194 | |
| Use ability | 42 | |
1451 total
» units
» upgrades
| Ranged Weapons | 2 | |
| Armor | 1 | |
| Shaman Training | 1 | |
4 total
» buildings
| Orc Burrow | 6 | |
| Stronghold | 1 | |
| Altar of Storms | 1 | |
| Beastiary | 2 | |
| War Mill | 1 | |
| Great Hall | 2 | |
| Watch Tower | 4 | |
| Spirit Lodge | 1 | |
18 total
» build order
00:53 Orc Burrow
01:21 Stronghold
01:51 Altar of Storms
03:42 Beastiary
03:44 Beastiary
03:53 Orc Burrow
04:25 Orc Burrow
05:06 War Mill
05:42 Orc Burrow
05:48 Orc Burrow
06:57 Great Hall
09:36 Great Hall
10:01 Watch Tower
10:01 Watch Tower
10:36 Watch Tower
10:37 Watch Tower
13:22 Spirit Lodge
14:53 Orc Burrow

»
Iconoclasym (
red | 45 APM | 747 actions | 16:25)
3 Demon Hunter
1 Immolation
1 Evasion
1 Mana Burn
» actions
| Assign group hotkey | 18 | |
| Build / train | 55 | |
| Enter build submenu | 15 | |
| Enter hero's abilities submenu | 3 | |
| Remove unit from queue | 1 | |
| Right click | 242 | |
| Select / deselect | 208 | |
| Select group hotkey | 156 | |
| Use ability | 49 | |
747 total
» units
| Wisp | 14 | |
| Archer | 6 | |
| Druid of the Talon | 5 | |
| Chimaera | 3 | |
| Hippogryph | 6 | |
| Faerie Dragon | 2 | |
36 total
» upgrades
| Druid of the Talon Training | 2 | |
| Strength of the Wild | 2 | |
| Reinforced Hides | 1 | |
| Mark of the Talon | 1 | |
6 total
» buildings
| Altar of Elders | 1 | |
| Moon Well | 5 | |
| Tree of Ages | 2 | |
| Ancient of War | 1 | |
| Hunter's Hall | 1 | |
| Ancient of Wonders | 1 | |
| Tree of Eternity | 1 | |
| Ancient of Wind | 2 | |
| Chimaera Roost | 1 | |
| Tree of Life | 1 | |
16 total
» build order
00:15 Altar of Elders
00:19 Moon Well
01:56 Tree of Ages
01:57 Tree of Ages
02:03 Moon Well
02:18 Ancient of War
02:57 Hunter's Hall
04:27 Moon Well
04:41 Ancient of Wonders
04:42 Tree of Eternity
04:45 Ancient of Wind
07:29 Chimaera Roost
07:32 Moon Well
10:23 Moon Well
11:01 Tree of Life
13:10 Ancient of Wind
» items
| Dust of Appearance | 1 | |
| Potion of Healing | 1 | |
| Scroll of Regeneration | 1 | |
| Scroll of Town Portal | 2 | |
5 total
team 2 (winner)

»
Boca_bsb (
teal | 73 APM | 1193 actions | 16:26)
4 Archmage
2 Summon Water Elemental
2 Brilliance Aura
3 Mountain King
2 Storm Bolt
1 Bash
» actions
| Assign group hotkey | 37 | |
| Build / train | 71 | |
| Enter build submenu | 25 | |
| Enter hero's abilities submenu | 7 | |
| Give item / drop item | 3 | |
| Right click | 412 | |
| Select / deselect | 207 | |
| Select group hotkey | 361 | |
| Use ability | 70 | |
1193 total
» units
| Peasant | 14 | |
| Footman | 3 | |
| Rifleman | 8 | |
| Priest | 9 | |
| Siege Engine | 6 | |
40 total
» upgrades
| Gunpowder | 3 | |
| Lumber Harvesting | 2 | |
| Plating | 3 | |
| Priest Training | 2 | |
| Long Rifles | 1 | |
| Barrage | 1 | |
12 total
» buildings
| Altar of Kings | 1 | |
| Barracks | 1 | |
| Farm | 11 | |
| Lumber Mill | 1 | |
| Town Hall | 1 | |
| Keep | 1 | |
| Scout Tower | 2 | |
| Arcane Vault | 1 | |
| Blacksmith | 1 | |
| Guard Tower | 1 | |
| Arcane Sanctum | 1 | |
| Workshop | 2 | |
| Castle | 1 | |
25 total
» build order
00:10 Altar of Kings
00:22 Barracks
00:36 Farm
00:53 Farm
01:44 Lumber Mill
02:05 Farm
03:54 Town Hall
04:12 Keep
04:19 Scout Tower
04:21 Scout Tower
04:26 Arcane Vault
04:31 Blacksmith
04:48 Farm
04:51 Guard Tower
05:26 Farm
06:53 Arcane Sanctum
07:03 Workshop
07:18 Farm
07:58 Farm
08:46 Castle
09:26 Workshop
09:54 Farm
11:00 Farm
11:04 Farm
13:58 Farm
» items
| Orb of Fire | 1 | |
| Scroll of Town Portal | 2 | |
| Potion of Healing | 1 | |
| Potion of Lesser Invulnerability | 1 | |
| Scroll of Protection | 1 | |
| Scroll of Healing | 1 | |
7 total
TeK-9.MuRkeD (
purple | 91 APM | 1503 actions | 16:26)
4 Blademaster
2 Wind Walk
2 Critical Strike
» actions
| Assign group hotkey | 6 | |
| Build / train | 75 | |
| Enter build submenu | 16 | |
| Enter hero's abilities submenu | 4 | |
| Give item / drop item | 1 | |
| Remove unit from queue | 3 | |
| Right click | 1010 | |
| Select / deselect | 188 | |
| Select group hotkey | 125 | |
| Use ability | 75 | |
1503 total
» units
| Peon | 13 | |
| Spirit Walker | 5 | |
| Tauren | 9 | |
27 total
» upgrades
| Melee Weapons | 3 | |
| Armor | 3 | |
| Spirit Walker Training | 2 | |
| Pulverize | 1 | |
9 total
» buildings
| Altar of Storms | 1 | |
| Orc Burrow | 6 | |
| Voodoo Lounge | 1 | |
| Stronghold | 2 | |
| War Mill | 2 | |
| Spirit Lodge | 1 | |
| Fortress | 3 | |
| Tauren Totem | 2 | |
| Great Hall | 1 | |
19 total
» build order
00:22 Altar of Storms
00:35 Orc Burrow
00:59 Voodoo Lounge
02:20 Stronghold
02:20 Stronghold
02:33 Orc Burrow
02:36 War Mill
03:52 Orc Burrow
04:43 Spirit Lodge
04:44 Fortress
04:45 Fortress
04:45 Fortress
07:53 Tauren Totem
07:54 Tauren Totem
08:02 Orc Burrow
09:34 War Mill
10:21 Great Hall
11:39 Orc Burrow
13:31 Orc Burrow
» items
| Healing Salve | 1 | |
| Lesser Clarity Potion | 3 | |
| Scroll of Speed | 1 | |
| Boots of Speed | 1 | |
| Circlet of Nobility | 1 | |
| Orb of Lightning | 1 | |
| Scroll of Town Portal | 1 | |
9 total

»
JP55 (
yellow | 77 APM | 1262 actions | 16:26)
5 Tauren Chieftain
2 War Stomp
3 Endurance Aura
4 Shadow Hunter
2 Hex
2 Healing Wave
» actions
| Assign group hotkey | 64 | |
| Basic commands | 121 | |
| Build / train | 99 | |
| ESC pressed | 1 | |
| Enter build submenu | 22 | |
| Enter hero's abilities submenu | 9 | |
| Give item / drop item | 2 | |
| Right click | 387 | |
| Select / deselect | 224 | |
| Select group hotkey | 260 | |
| Use ability | 73 | |
1262 total
» units
| Peon | 17 | |
| Troll Headhunter/Berserker | 10 | |
| Shaman | 6 | |
| Wind Rider | 4 | |
37 total
» upgrades
| Ranged Weapons | 2 | |
| Armor | 2 | |
| Berserker Upgrade | 1 | |
| Shaman Training | 2 | |
| Envenomed Spears | 1 | |
| Reinforced Defenses | 1 | |
| War Drums Damage Increase | 1 | |
10 total
» buildings
| Altar of Storms | 1 | |
| Orc Burrow | 6 | |
| War Mill | 1 | |
| Barracks | 1 | |
| Stronghold | 3 | |
| Great Hall | 2 | |
| Voodoo Lounge | 1 | |
| Fortress | 4 | |
| Spirit Lodge | 2 | |
| Beastiary | 2 | |
| Watch Tower | 6 | |
29 total
» build order
00:25 Altar of Storms
00:35 Orc Burrow
01:05 War Mill
01:20 Barracks
01:57 Orc Burrow
03:46 Orc Burrow
04:01 Stronghold
04:01 Stronghold
05:05 Great Hall
05:22 Great Hall
05:35 Voodoo Lounge
07:15 Fortress
07:15 Fortress
07:38 Orc Burrow
08:47 Spirit Lodge
08:48 Spirit Lodge
09:48 Beastiary
09:51 Beastiary
10:29 Orc Burrow
12:08 Orc Burrow
14:31 Watch Tower
14:31 Watch Tower
14:31 Watch Tower
15:38 Watch Tower
15:40 Watch Tower
15:41 Watch Tower
» items
| Healing Salve | 3 | |
| Lesser Clarity Potion | 1 | |
| Periapt of Vitality | 1 | |
| Scroll of Town Portal | 1 | |
6 total

»
TALONSAREIMBA (
blue | 138 APM | 2265 actions | 16:27)
5 Tauren Chieftain
2 War Stomp
3 Endurance Aura
3 Shadow Hunter
2 Hex
1 Healing Wave
» actions
| Assign group hotkey | 18 | |
| Basic commands | 132 | |
| Build / train | 55 | |
| ESC pressed | 1 | |
| Enter build submenu | 14 | |
| Enter hero's abilities submenu | 9 | |
| Give item / drop item | 5 | |
| Remove unit from queue | 1 | |
| Right click | 959 | |
| Select / deselect | 458 | |
| Select group hotkey | 549 | |
| Use ability | 64 | |
2265 total
» units
| Peon | 10 | |
| Grunt | 6 | |
| Goblin Shredder | 1 | |
| Wind Rider | 4 | |
| Troll Batrider | 4 | |
25 total
» upgrades
| Ranged Weapons | 3 | |
| Armor | 2 | |
| Envenomed Spears | 1 | |
| Liquid Fire | 1 | |
7 total
» buildings
| Altar of Storms | 1 | |
| Orc Burrow | 4 | |
| Barracks | 1 | |
| Voodoo Lounge | 2 | |
| Great Hall | 2 | |
| Stronghold | 1 | |
| War Mill | 1 | |
| Beastiary | 2 | |
| Fortress | 1 | |
15 total
» build order
00:04 Altar of Storms
00:07 Orc Burrow
00:25 Barracks
01:39 Voodoo Lounge
01:48 Orc Burrow
01:58 Voodoo Lounge
03:56 Great Hall
04:32 Stronghold
05:47 War Mill
06:04 Orc Burrow
07:24 Beastiary
07:25 Beastiary
08:33 Fortress
09:54 Orc Burrow
12:23 Great Hall
» items
| Healing Salve | 2 | |
| Lesser Clarity Potion | 3 | |
| Scroll of Town Portal | 1 | |
| Boots of Speed | 1 | |
| Staff of Teleportation | 1 | |
| Potion of Mana | 1 | |
| Orb of Lightning | 1 | |
10 total
Chat log
(01:06 / Allies) Boca_bsb: units
(01:12 / Allies) JP55: HH's for now.
(01:22 / Allies) Boca_bsb: 3 rocs
(01:25 / Allies) Boca_bsb: we must rush
(01:29 / Allies) TALONSAREIMBA: nah
(01:30 / Allies) TALONSAREIMBA: we fine
(01:32 / Allies) TALONSAREIMBA: just calm bro
(01:58 / Allies) TeK-9.MuRkeD: he pulled plug cause we didnt rush
(02:01 / Allies) Boca_bsb: no
(02:07 / Allies) Boca_bsb: im lagging
(02:14 / Allies) TALONSAREIMBA: how
(06:15 / Allies) Boca_bsb: aoe for me
(06:33 / Allies) Boca_bsb: or grifs?
(06:35 / Allies) TeK-9.MuRkeD: green has wyvern
(06:38 / Allies) TeK-9.MuRkeD: and oj has hh
(07:29 / Allies) Boca_bsb: going
(08:08 / Allies) JP55: chims im sure from red.
(08:20 / Allies) Boca_bsb: dh
(08:31 / Allies) Boca_bsb: dh
(08:32 / Allies) Boca_bsb: go
(08:34 / Allies) Boca_bsb: gaasrt
(09:03 / Allies) Boca_bsb: lumber plz
(11:19 / Allies) TALONSAREIMBA: come
(11:39 / Allies) JP55: wood
(11:40 / Allies) JP55: anyoneA?
(11:46 / Allies) JP55: lets hit
(11:49 / Allies) JP55: before they mass up chims
(13:04 / Allies) Boca_bsb: green
(13:35 / Allies) JP55: gj guys.
(14:20 / Allies) Boca_bsb: scrols
(14:45 / Allies) TALONSAREIMBA: then
(14:45 / Allies) TALONSAREIMBA: the ne
(14:58 / Allies) Boca_bsb: go
(15:21 / Allies) JP55: fucking owned
(15:59 / All) Iconoclasym: pink massed failure...
(16:06 / All) JP55: lmfao
(16:19 / All) WasGoodOnce: gg